 Dungeon Crawl Stone Soup version 0.18.1-47-g9310371 (webtiles) character file.

5154 spiff the Basher (level 10, -5/91 HPs)
             Began as a Hill Orc Fighter on June 20, 2016.
             Was an Elder of Okawaru.
             Slain by a killer bee (9 damage)
             ... on level 8 of the Dungeon.
             The game lasted 00:29:08 (13153 turns).

spiff the Basher (Hill Orc Fighter)                Turns: 13153, Time: 00:29:09

Health: -5/91      AC:  8    Str: 22    XL:     10   Next: 59%
Magic:  19/19      EV:  8    Int:  8    God:    Okawaru [****..]
Gold:   337        SH:  9    Dex: 11    Spells: 0 memorised, 9 levels left

rFire  . . .     SeeInvis .     y - +5 whip
rCold  . . .     Gourm    .     H - +2 leather armour {rPois}
rNeg   . . .     Faith    .     c - +0 shield
rPois  +         Spirit   .     C - +0 helmet
rElec  .         Dismiss  .     (no cloak)
rCorr  .         Reflect  .     i - +0 pair of gloves
SustAt +         Harm     .     (no boots)
MR     .....                    (no amulet)
Stlth  +.........               E - ring of sustain attributes
                                G - ring of magical power

@: lethally poisoned (-5 -> -8), not resistant to hostile enchantments, very
unstealthy
A: no striking features
a: Heroism, Renounce Religion


You were on level 8 of the Dungeon.
You worshipped Okawaru.
Okawaru was greatly pleased with you.
You were near starving.

You visited 2 branches of the dungeon, and saw 10 of its levels.

You collected 337 gold pieces.

Inventory:

Hand Weapons
 n - a +2 flail of protection
 y - a +5 whip (weapon)
Missiles
 b - a throwing net (quivered)
 p - 7 tomahawks
Armour
 c - a +0 shield (worn)
 i - a +0 pair of gloves (worn)
 C - a +0 helmet (worn)
 H - a +2 leather armour of poison resistance (worn)
Jewellery
 m - an uncursed ring of resist corrosion
 E - a ring of sustain attributes (right hand)
 G - a ring of magical power (left hand)
 J - a +1 ring of protection {unknown}
Wands
 L - a wand of random effects (33/48)
Scrolls
 j - a scroll of recharging
 k - 3 scrolls of remove curse
 s - 3 scrolls of teleportation
Potions
 a - 2 potions of degeneration
 d - a potion of might
 e - 2 potions of ambrosia
 h - 2 potions of berserk rage
 l - a potion of haste {unknown}
 o - 6 potions of lignification
 u - a potion of cure mutation
 v - a potion of flight {unknown}
 B - a potion of magic {unknown}
 D - a potion of agility
 F - 2 potions of curing
 I - a potion of mutation {unknown}
Books
 r - a book of Envenomations

   Spells                             Type                      Level
   a - Spider Form                    Transmutation/Poison         3
   b - Olgreb's Toxic Radiance        Poison                       4
   c - Alistair's Intoxication        Transmutation/Poison         5
   d - Poisonous Cloud                Conjuration/Poison/Air       6
Comestibles
 f - 5 bread rations
 g - 3 meat rations
 q - 3 royal jellies
 t - a beef jerky
 w - 3 slices of pizza
 A - a fruit


   Skills:
 - Level 9.0 Fighting
 - Level 12.9 Maces & Flails
 + Level 8.1 Armour
 - Level 3.2 Shields


You had 9 spell levels left.
You didn't know any spells.

Dungeon Overview and Level Annotations

Branches:
Dungeon (9/15)             Temple (1/1) D:5
   Lair: D:8-11         Orc: D:9-12

Altars:
Ashenzari
Cheibriados
Dithmenos
Elyvilon
Fedhas
Gozag
Kikubaaqudgha
Makhleb
Nemelex Xobeh
Okawaru
Pakellas
Qazlal
Ru
Sif Muna
Trog
Vehumet
Xom
Yredelemnul
Zin
The Shining One
Beogh

Shops:
D:5 (   D:6 %

Annotations:
D:8 vault avec eels


Message History

Okay, then.
Drink which item? (? for menu, Esc to quit)
You fade into invisibility!
You feel sick. You block the killer bee's attack. The killer bee stings you.
* * * LOW HITPOINT WARNING * * *
The killer bee stings you but does no damage.
You are very lightly contaminated with residual magic.
Drink which item? (? for menu, Esc to quit)
It was a potion of cure mutation.
It has a very clean taste.
You feel sick. The killer bee closely misses you.
You block the killer bee's attack. x2
The killer bee stings you.
* * * LOW HITPOINT WARNING * * *
Drink which item? (? for menu, Esc to quit)
It was a potion of cancellation.
Your magical effects are unravelling.
Your magical contamination has completely faded away.
You feel magically purged.
You flicker back into view.
You block the killer bee's attack. The killer bee stings you!
You die...

....♣≈♣≈≈≈♣≈
#.#≈≈♣≈≈≈≈≈♣♣ #.
#.#♣♣≈≈♣≈≈≈P≈≈..
[.≈♣P≈≈≈≈≈≈≈♣≈#.
#.≈≈≈P≈≈P≈PP≈♣≈.
#.≈≈P≈≈P≈≈≈♣≈≈♣.
#.♣♣≈≈≈P≈≈≈≈
≈≈y##
#♣♣≈≈♣≈≈≈≈≈≈
♣yy# ♣≈P≈≈≈≈≈≈≈
♣@# ♣P≈≈≈≈≈≈≈≈
♣.# ≈≈≈≈≈≈≈≈≈≈
≈.# ♣≈P;≈≈≈≈≈≈≈
≈♣## ♣♣P≈≈≈≈≈≈ ≈
≈♣ ♣≈≈≈≈≈≈≈≈ ≈≈
≈≈ ≈≈


You could see 3 killer bees.

Vanquished Creatures
  The ghost of Shtopit the Conjurer, a novice DECj (D:6)
  A two-headed ogre (D:9)
  A hippogriff (D:7)
  A water moccasin (D:8)
  5 orc warriors
  4 ice beasts
  2 phantoms
  3 sky beasts
  2 black bears
  3 ogres
  4 centaurs
  2 giant frogs
  2 scorpions
  9 killer bees
  2 electric eels (D:8)
  A howler monkey (D:4)
  3 crimson imps
  A centaur zombie (D:7)
  2 giant frog zombies
  3 hounds
  9 orc wizards
  2 jellies
  A quasit (D:6)
  9 orc priests
  A giant frog skeleton (D:5)
  A gnoll shaman (D:6)
  Jessica (D:2)
  2 iguanas (D:8)
  8 worker ants
  Natasha (thrice) (D:3)
  A hound zombie (D:5)
  A hound skeleton (D:6)
  2 worker ant zombies
  10 gnolls
  6 adders
  A shadow imp (D:8)
  An ooze (D:3)
  2 adder zombies
  4 worms
  3 dart slugs (D:1)
  3 giant geckos
  22 orcs
  4 giant cockroaches
  8 goblins
  6 hobgoblins
  14 jackals
  4 kobolds
  4 quokkas
  2 ball pythons
  7 bats
  9 giant newts
  A jackal skeleton (D:4)
  A quokka skeleton (D:6)
  A quokka zombie (D:6)
  8 rats
214 creatures vanquished.

Vanquished Creatures (others)
  An adder skeleton (D:8)
  An orc (D:8)
  2 plants (D:8)
4 creatures vanquished.

Grand Total: 218 creatures vanquished

Notes
Turn   | Place    | Note
--------------------------------------------------------------
     0 | D:1      | spiff the Hill Orc Fighter began the quest for the Orb.
     0 | D:1      | Reached XP level 1. HP: 19/19 MP: 1/1
   139 | D:1      | Reached skill level 3 in Maces & Flails
   139 | D:1      | Reached XP level 2. HP: 21/26 MP: 2/2
   694 | D:1      | Reached XP level 3. HP: 31/31 MP: 3/3
   817 | D:1      | Reached skill level 4 in Maces & Flails
  1028 | D:2      | Noticed Jessica
  1329 | D:2      | Killed Jessica
  1329 | D:2      | Reached XP level 4. HP: 39/39 MP: 4/4
  1474 | D:2      | Reached skill level 5 in Maces & Flails
  1760 | D:2      | Found an oddly glowing altar of Pakellas.
  1760 | D:2      | Found a snail-covered altar of Cheibriados.
  1802 | D:2      | Found an oddly glowing altar of Pakellas.
  1849 | D:2      | Reached XP level 5. HP: 37/45 MP: 5/5
  1897 | D:3      | Noticed Natasha
  1913 | D:3      | Killed Natasha
  2053 | D:3      | Noticed Natasha
  2084 | D:3      | Killed Natasha
  2084 | D:3      | Reached skill level 6 in Maces & Flails
  2168 | D:3      | Noticed Natasha
  2263 | D:3      | Killed Natasha
  2763 | D:4      | Reached XP level 6. HP: 46/51 MP: 6/6
  2930 | D:4      | Noticed a phantom
  2955 | D:4      | Killed a phantom
  2955 | D:4      | Reached skill level 7 in Maces & Flails
  3433 | D:4      | Reached skill level 8 in Maces & Flails
  3433 | D:4      | Reached XP level 7. HP: 57/57 MP: 7/7
  3585 | D:5      | Entered Level 5 of the Dungeon
  3996 | D:5      | Found Deifioto's Antique Weapon Shop.
  4073 | D:5      | Reached skill level 9 in Maces & Flails
  4146 | D:5      | Found an ancient bone altar of Kikubaaqudgha.
  4146 | D:5      | Found a blossoming altar of Fedhas.
  4230 | D:5      | Found a staircase to the Ecumenical Temple.
  4249 | Temple   | Entered the Ecumenical Temple
  4311 | Temple   | Became a worshipper of Warmaster Okawaru
  4358 | D:5      | Found a bloodstained altar of Trog.
  4591 | D:6      | Reached XP level 8. HP: 50/64 MP: 8/8
  4608 | D:6      | Noticed Shtopit's ghost (novice DECj)
  4623 | D:5      | Reached skill level 10 in Maces & Flails
  4877 | D:6      | Found Covupsuo's Food Emporium.
  5006 | D:6      | Found a sacrificial altar of Ru.
  5009 | D:6      | Found a burning altar of Makhleb.
  5021 | D:6      | Reached skill level 5 in Fighting
  5302 | D:6      | Found a shadowy altar of Dithmenos.
  5317 | D:6      | Found a basalt altar of Yredelemnul.
  5380 | D:6      | Killed Shtopit's ghost
  5744 | D:6      | Reached * piety under Okawaru
  5835 | D:6      | Reached XP level 9. HP: 48/82 MP: 9/9
  7081 | D:6      | Reached skill level 11 in Maces & Flails
  7372 | D:7      | Reached ** piety under Okawaru
  8491 | D:8      | Found a roughly hewn altar of Beogh.
  8499 | D:8      | Reached skill level 12 in Maces & Flails
  9477 | D:7      | Reached XP level 10. HP: 23/91 MP: 10/10
  9488 | D:7      | Reached *** piety under Okawaru
 10809 | D:7      | Reached skill level 5 in Armour
 11911 | D:8      | HP: 2/91 [water moccasin (9)]
 12199 | D:9      | Reached **** piety under Okawaru
 13152 | D:8      | HP: 3/91 [killer bee (2)]
 13153 | D:8      | Slain by a killer bee

Skill      XL: |  1  2  3  4  5  6  7  8  9 10 |
---------------+-------------------------------+-----
Maces & Flails | 3 4 5 6 8 9 10 12 | 12.9
Fighting       | 8 9 |  9.0
Armour         | 8 |  8.1
Shields        | |  3.2

Action                   |  1- 3 |  4- 6 |  7- 9 | 10-12 || total
-------------------------+-------+-------+-------+-------++-------
Melee: Flail             |   106 |    31 |       |    23 ||   160
       Whip              |       |   237 |   557 |   226 ||  1020
Throw: Tomahawk          |       |       |     2 |       ||     2
  Use: Scroll            |       |     5 |    12 |       ||    17
       Potion            |       |       |       |     5 ||     5
  Eat: Chunk             |     1 |     8 |    11 |     6 ||    26
       Fruit             |       |       |     2 |       ||     2
       Meat ration       |       |       |     1 |     1 ||     2
Armor: Scale mail        |    56 |   100 |   106 |       ||   262
       Leather armour    |       |       |    46 |    62 ||   108
Dodge: Dodged            |    41 |    66 |    88 |    75 ||   270
Block: Shield            |    61 |   129 |   155 |   109 ||   454
